 Dungeon Crawl Stone Soup version 0.30-a0-1176-gcdfb0321a8 (webtiles) character file.

Game seed: 14373304741510834361

900 Dadi the Conjurer (level 7, -18/36 HPs)
             Began as a Deep Elf Conjurer on Apr 30, 2023.
             Was an Initiate of Vehumet.
             Demolished by an orc wizard
             ... wielding a +1 dagger of electrocution
              (20 damage)
             ... on level 5 of the Dungeon.
             The game lasted 00:10:46 (4428 turns).

Dadi the Conjurer (Deep Elf Conjurer)               Turns: 4428, Time: 00:10:47

Health: -18/36     AC:  6    Str:  2    XL:     7   Next: 79%
Magic:  13/16      EV: 12    Int: 31    God:    Vehumet [......]
Gold:   216        SH:  0    Dex: 13    Spells: 10/16 levels left

rFire   . . .        m - +3 short sword
rCold   . . .        (no shield)
rNeg    . . .        a - +0 robe
rPois   .            (no helmet)
rElec   .            (no cloak)
rCorr   .            (no gloves)
SInv    .            u - +0 pair of boots
Will    .....        (no amulet)
Stlth   ++           g - +6 ring of intelligence
HPRegen 0.26/turn    o - +4 ring of protection
MPRegen 0.15/turn

%: no passive effects
@: no status effects
A: deformed body, weak 1
a: Renounce Religion


You were on level 5 of the Dungeon.
You worshipped Vehumet.
Vehumet was noncommittal.
You visited 1 branch of the dungeon, and saw 5 of its levels.

You collected 216 gold pieces.

Inventory:

Hand Weapons
 m - a +3 short sword (weapon)
Missiles
 s - a throwing net
Armour
 a - a +0 robe (worn)
 i - a +1 chain mail of poison resistance
 u - a +0 pair of boots (worn)
Magical Staves
 n - a staff of death
Jewellery
 g - a +6 ring of intelligence (left hand)
 o - a +4 ring of protection (right hand)
Wands
 r - a wand of mindburst (9)
Scrolls
 c - a scroll of fear {unknown}
 e - 2 scrolls of enchant armour {unknown}
 f - 2 scrolls of magic mapping {unknown}
 h - 2 scrolls of vulnerability {unknown}
 k - 5 scrolls of identify {unknown}
 q - 2 scrolls of silence {unknown}
 v - a scroll of teleportation {unknown}
 x - a scroll of poison {unknown}
Potions
 b - 2 potions of magic
 d - a potion of mutation
 j - a potion of degeneration {unknown}
 l - a potion of heal wounds {unknown}
 p - 2 potions of curing {unknown}
 t - 2 potions of brilliance {unknown}
 w - a potion of attraction {unknown}


   Skills:
 - Level 0.1 Fighting
 - Level 0.1(0.2) Short Blades
 - Level 0.2(0.3) Long Blades
 - Level 0.1(0.2) Axes
 - Level 0.1(0.2) Staves
 - Level 0.5 Ranged Weapons
 - Level 0.1 Throwing
 - Level 0.3 Armour
 - Level 3.0 Dodging
 - Level 2.4 Stealth
 - Level 0.1 Shields
 - Level 0.4 Unarmed Combat
 - Level 5.0 Spellcasting
 - Level 7.0 Conjurations
 - Level 3.4 Hexes
 + Level 5.1 Summonings
 - Level 0.2 Necromancy
 - Level 1.1 Translocations
 - Level 1.0 Transmutations
 - Level 0.1 Fire Magic
 - Level 0.1 Ice Magic
 - Level 0.1 Air Magic
 - Level 0.1 Earth Magic
 - Level 0.1 Poison Magic
 - Level 0.1 Invocations
 - Level 0.2 Evocations


You had 10 spell levels left.
You knew the following spells:

 Your Spells              Type           Power      Damage    Failure   Level
a - Magic Dart            Conj           100%       1d8       1%          1
b - Searing Ray           Conj           100%       2d8       1%          2
c - Dazzling Flash        Conj/Hex       80%        N/A       1%          3

Your spell library contained the following spells:

 Spells                   Type           Power      Damage    Failure   Level
 Tukima's Dance           Hex            29%        N/A       4%          3
 Wereblood                Tmut           13%        N/A       5%          2
 Portal Projectile        Hex/Tloc       44%        N/A       6%          3
 Fulminant Prism          Conj/Hex       20%        3d12      6%          4
 Sublimation of Blood     Necr           9%         N/A       8%          2
 Iskenderun's Mystic Bla  Conj/Tloc      33%        2d8       11%         4
 Blade Hands              Tmut           6%         N/A       69%         5
 Summon Hydra             Summ           19%        N/A       99%         7


Dungeon Overview and Level Annotations

Branches:
Dungeon (5/15)
 Temple: D:4-7

Altars:
Elyvilon
Qazlal
Sif Muna
Trog
Vehumet
Wu Jian
Xom


Innate Abilities, Weirdness & Mutations

Armour fits poorly on your strangely shaped body.
You are weak. (Str -2)


Message History

The orc priest shouts!
An orc comes into view. It is wielding a +0 short sword.
The magic dart hits the orc priest.
The orc priest is almost dead.
The orc priest looks braver for a moment.
An orc wizard comes into view.
It is wielding a +1 dagger of electrocution.
The magic dart hits the orc wizard.
The orc wizard is moderately wounded.
The orc wizard shouts!
You hear a shout!
The magic dart hits the orc wizard.
The orc wizard is moderately wounded.
An orc comes into view. It is wielding a +0 flail.
The orc priest looks encouraged for a moment.
The magic dart hits the orc wizard but does no damage.
The orc wizard is moderately wounded.
The orc wizard gestures at you while chanting.
You are confused.
The orc priest invokes the aid of Beogh against you.
Beogh smites you!
You're too confused to cast spells.
You bump into the rock wall.
The orc priest mumbles some strange prayers to Beogh against you.
Pain shoots through your body!
The orc priest calls upon Beogh to heal the orc wizard.
The orc wizard's wounds heal themselves!
You miss the orc wizard. The orc wizard closely misses you.
You miss the orc wizard. The orc wizard completely misses you.
The orc wizard attacks as you move away!
The orc wizard hits you with a +1 dagger of electrocution.
You are electrocuted!
* * * LOW HITPOINT WARNING * * *
You feel less confused.
The orc priest casts a cantrip, but nothing happens.
It was a potion of mutation.
You feel extremely strange.
You feel weaker.
Your body twists and deforms.
The orc wizard hits you with a +1 dagger of electrocution.
* * * LOW HITPOINT WARNING * * *
You are electrocuted!!
Ouch! That really hurt!
You die...

#.#.#†#...#####.#
#.#.#...........#
#.#.###.#..############
#.....................#
###.###.####...........
#.###.# ##########..
#.###.#.#.# #..
#.......#.## #..
#####.#.@oo####### #..
#.#.#..o.....# #..
#.#.###.o....# ##.
#.#.. #.####..# ##
#.### #.# . #.# #.# #.#
#.# #.# #. ... ##.#


You could see an orc priest, an orc wizard and 2 orcs.

Vanquished Creatures
  An ice beast (D:4)
  An ogre (D:4)
  3 phantoms
  A howler monkey (D:5)
  A hound (D:5)
  A gnoll bouda (D:4)
  3 iguanas
  A sleepcap (D:4)
  2 orc wizards
  11 gnolls
  7 adders
  A worm (D:2)
  A dart slug (D:1)
  8 orcs
  11 endoplasms
  6 giant cockroaches
  3 goblins (D:4)
  A hobgoblin (D:3)
  4 jackals (D:4)
  3 quokkas
  3 ball pythons
  2 bats
  5 frilled lizards
  7 kobolds
  6 rats
93 creatures vanquished.

Notes
Turn   | Place    | Note
-------+----------+-------------------------------------------
     0 | D:1      | Dadi the Deep Elf Conjurer began the quest for the Orb.
     0 | D:1      | Reached XP level 1. HP: 10/10 MP: 6/6
   261 | D:1      | Reached XP level 2. HP: 15/15 MP: 5/8
   353 | D:1      | Reached skill level 5 in Conjurations
   817 | D:2      | Reached XP level 3. HP: 19/19 MP: 4/9
   870 | D:2      | Found a shimmering blue altar of Sif Muna.
   895 | D:2      | Found a faded altar of an unknown god.
  1592 | D:3      | Learned a level 2 spell: Searing Ray
  1596 | D:3      | Learned a level 3 spell: Dazzling Flash
  1843 | D:3      | Reached XP level 4. HP: 24/24 MP: 8/11
  1869 | D:3      | Noticed a phantom
  1876 | D:3      | Killed a phantom
  1877 | D:3      | Reached skill level 6 in Conjurations
  1877 | D:3      | Reached XP level 5. HP: 28/28 MP: 3/13
  2288 | D:4      | Noticed a phantom
  2291 | D:4      | Noticed an ice beast
  2333 | D:4      | Noticed an ogre
  2356 | D:4      | Found a bloodstained altar of Trog.
  2464 | D:4      | Reached skill level 1 in Hexes
  2634 | D:4      | Found an ornate altar of the Wu Jian Council.
  2638 | D:4      | Found a radiant altar of Vehumet.
  2735 | D:4      | Killed an ice beast
  2736 | D:4      | Reached skill level 5 in Spellcasting
  2736 | D:4      | Reached skill level 7 in Conjurations
  2736 | D:4      | Reached XP level 6. HP: 32/32 MP: 5/15
  3383 | D:4      | Reached XP level 7. HP: 36/36 MP: 3/16
  3701 | D:5      | Entered Level 5 of the Dungeon
  3702 | D:5      | Found a stormy altar of Qazlal.
  3884 | D:4      | Found a white marble altar of Elyvilon.
  3884 | D:4      | Found a shimmering altar of Xom.
  3893 | D:4      | Became a worshipper of Vehumet
  4052 | D:5      | Reached skill level 1 in Translocations
  4267 | D:5      | Reached skill level 5 in Summonings
  4267 | D:5      | Reached skill level 1 in Transmutations
  4428 | D:5      | Gained mutation: You are weak. (Str -2) [potion of
                  | mutation]
  4428 | D:5      | Gained mutation: Armour fits poorly on your strangely
                  | shaped body. [potion of mutation]
  4428 | D:5      | Demolished by an orc wizard

Illustrated notes

Levels and vault maps discovered:
D:1:      dpeg_arrival_simpleton_c, layout_rooms
D:2:      layout_loops_ring, basic_altar, nicolae_ecumenical_oubliette
D:3:      layout_basic
D:4:      layout_rooms, nicolae_overflow_hidden_temple,
          mainiacjoe_overflow_alcove_2, hex_medium
D:5:      layout_basic, grunt_qazlal_clouds, kennysheep_slug_shrine

Skill      XL: |  1  2  3  4  5  6  7 |
---------------+----------------------+-----
Conjurations   | 5 6 7 |  7.0
Spellcasting   | 4 5 |  5.0
Hexes          | 2 3 |  3.4
Dodging        | 3 |  3.0
Summonings     | 3 5 |  5.1
Translocations | 1 |  1.1
Transmutations | 1 |  1.0
Fighting       | |  0.1
Short Blades   | |  0.1
Long Blades    | |  0.2
Axes           | |  0.1
Staves         | |  0.1
Ranged Weapons | |  0.5
Throwing       | |  0.1
Armour         | |  0.3
Stealth        | |  2.4
Shields        | |  0.1
Unarmed Combat | |  0.4
Necromancy     | |  0.2
Fire Magic     | |  0.1
Ice Magic      | |  0.1
Air Magic      | |  0.1
Earth Magic    | |  0.1
Poison Magic   | |  0.1
Invocations    | |  0.1
Evocations     | |  0.2

Action                     |  1- 3 |  4- 6 |  7- 9 || total
---------------------------+-------+-------+-------++-------
  Melee: Short sword       |       |       |     2 ||     2
   Cast: Magic Dart        |    82 |    85 |    51 ||   218
         Searing Ray       |       |     9 |     5 ||    14
    Use: Potion            |       |       |     1 ||     1
 Armour: Robe              |       |     2 |     3 ||     5
  Dodge: Dodged            |     3 |     7 |     6 ||    16

Table legend: (Time is in decaauts)
 A = Elapsed time spent in this place.
 B = Non-inter-level travel time spent in this place.
 C = Inter-level travel time spent in this place.
 D = Time resting spent in this place.
 E = Time spent auto-exploring this place.
 F = Levels seen in this place.
 G = Mean time per level.
                   A        B        C        D        E       F      G
               +--------+--------+--------+--------+--------+-----+--------+
         Total |   4428 |   4283 |    145 |    705 |   2927 |   5 |  885.6 |
       Dungeon |   4428 |   4283 |    145 |    705 |   2927 |   5 |  885.6 |
               +--------+--------+--------+--------+--------+-----+--------+

Top non-repeatable levels by time:
     D:4: 1211 daAuts
     D:3: 1009 daAuts
     D:2: 859 daAuts
     D:5: 710 daAuts
     D:1: 637 daAuts
